Unix NetHack Version 5.0.0-0 post-release - last build Jul 19 2026 19:10:59 (3aa4ab31751d3886436d94b585a96704892fd477,branch:main).

Game began 2026-07-23 14:41:44, ended 2026-07-25 02:19:03.

KnightLite, chaotic female elven Priestess

 -----------------------------------------------------------------------------
 |...........#.....|...#........................%.............0............|.|
 |----.|.--###.###.---.#.-------------------------------.-----.##---------.|.|
 |...|.|.|.....#.#...#..<..|---------------------------|.....#.#...#.....|...|
 |.#.|.##-.---##.##-.#####-|........).-............|..||-###.#.#.|.###--.|--.|
 |.#...#...|.....#.|.......|--|------------------..|..||.....#.|.|.....|.|...|
 |.---##.-----.|.#.-------.|..........|.........|..|..||.##--|.|.--###.|.|.--|
 |.......|.....|.#.....|...|......)...|.}}}}}}}.|..-..||.....|.......#.|...|.|
 |.###----.-----.#.---.|.##-------|-+-|.}}---}}.|..|..||##.---.-------.|.##|.|
 |...#.......#...#...#.#.#.|..%....|..|.}--.--}.|..|..||.#.|>..........|...#.|
 |--.-###---.#.-###-.###.#.|.......|..|.}|.12|}.|..|..||2#.|.#####------##.#.|
 |.|...#...|.#.....#...#.#.|.......|..|.}--.--;?|---..||...#.#.......|.....#.|
 |.---.#.|.|.|###-.###.|...|.......|..|.}}---}}@|.....||.###.#.#.-###-.#####.|
 |...|...|...#...#.......|.|....(%.|..|.}}}}}}}.-.....|#...#.#.#.........#...|
 |.|.-###-####--.###--##.#.|.^.....|..|.........|.....|###.|.##########-.#.|.|
 |.#.......#.........|...#.|---------------------------#...#...........#.#.#.|
 |.###.---##.|.-------.###.------------------------------###----------.#.#.#.|
 |...#.......|.........................................................#...#.|
 -----------------------------------------------------------------------------
KnightLite the Lama          St:25 Dx:18 Co:16 In:12 Wi:22 Ch:13  Chaotic
Dlvl:45 $:16 HP:0(276) Pw:335(335) AC:-43 Xp:24 T:43125  Fly

Latest messages:
 The door opens.
 You have an uncanny feeling...
 It misses!
 It misses!
 Your danger sense causes you to take a second look close by.
 You find a kraken.
 The black blade draws the life from the kraken!
 The kraken misses!
 The kraken hits!
 The kraken misses!
 The black blade draws the life from the kraken!
 The black blade draws the life from the kraken!
 The black blade draws the life from the kraken!
 The black blade draws the life from the kraken!
 The black blade draws the life from the kraken!
 You kill the kraken!
 It misses!
 It misses!
 Your danger sense causes you to take a second look close by.
 You find a giant eel.
 The black blade draws the life from the giant eel!
 The giant eel bites!
 The giant eel misses!
 The black blade draws the life from the giant eel!
 You kill the giant eel!
 It misses!
 It misses!
 Your danger sense causes you to take a second look close by.
 You find a giant eel.
 The black blade draws the life from the giant eel!
 The giant eel misses!
 The giant eel brushes against your leg.
 The black blade draws the life from the giant eel!
 You kill the giant eel!
 The kraken hits!
 The kraken hits again!
 The kraken brushes against your leg.
 The kraken bites!
 The black blade draws the life from the kraken!
 The black blade draws the life from the kraken!
 The kraken hits!
 The kraken hits again!
 The kraken swings itself around you!
 The kraken bites!
 You cannot escape from the kraken!
 The black blade draws the life from the kraken!
 The kraken hits!
 The kraken just misses!
 The kraken drowns you...
 Do you want your possessions identified? [ynq] (y) q

Inventory:
 Coins    ('$')
  $ - 16 gold pieces
 Amulets  ('"')
  z - an amulet of ESP
  i - an amulet of flying (being worn)
 Weapons  (')')
  r - 10 blessed +1 darts (at the ready)
  g - the blessed +5 Demonbane (alternate weapon; not wielded)
  P - the blessed rustproof +6 Stormbringer (weapon in right hand)
 Armor    ('[')
  W - the blessed tempered +4 Mitre of Holiness (being worn)
  T - a blessed +4 pair of gauntlets of power (being worn)
  A - a blessed fireproof +4 pair of speed boots (being worn)
  I - a blessed +4 shield of reflection (being worn)
  f - a blessed fireproof +4 cloak of magic resistance (being worn)
  C - a blessed fireproof +5 Hawaiian shirt with a parrot motif (being worn)
  h - a blessed +4 blue dragon scale mail (being worn)
 Comestibles  ('%')
  c - a lizard corpse
 Rings    ('=')
  Z - a blessed ring of free action (on right hand)
  J - a blessed ring of regeneration
 Wands    ('/')
  Q - a wand of cancellation (0:3)
  v - a wand of cancellation (0:2)
  m - a wand of cold (0:5)
  a - a wand of create monster (0:15)
  d - a wand of create monster (0:15)
  O - a wand of create monster (0:11)
  j - a wand of death (0:4)
  y - a wand of digging (0:1)
  b - a wand of fire (0:4)
  n - a wand of lightning (0:1)
  q - a wand of locking (0:4)
  G - a wand of sleep (0:5)
  e - a wand of stasis (0:2)
  U - a wand of striking (0:6)
  L - a wand of teleportation (0:3)
 Tools    ('(')
  F - a blessed bag of holding containing 110 items
  X - the Bell of Opening (0:3)
  s - a blindfold
  l - the Candelabrum of Invocation (0 of 7 candles attached)
  M - a blessed magic lamp (lit)
  x - a magic marker (0:63)
  Y - a magic marker (1:9)
  N - a magic whistle
  o - a skeleton key
  p - a towel
  w - a blessed +0 unicorn horn
 Gems/Stones  ('*')
  B - a blessed luckstone
 Special
 (list likely candidates)

Contents of the bag of holding:
  11553 gold pieces
  an amulet of life saving
  an amulet of reflection
  the blessed rustproof +6 Frost Brand
  a +0 silver mace
  2 slime molds
  10 C-rations
  2 cloves of garlic
  3 food rations
  2 lembas wafers
  a lump of royal jelly
  3 tripe rations
  a tin of human meat
  2 lizard corpses
  a scroll of scare monster
  a scroll of amnesia
  4 scrolls of blank paper
  5 cursed scrolls of blank paper
  a blessed scroll of charging
  2 scrolls of create monster
  2 scrolls of destroy armor
  2 blessed scrolls of earth
  a blessed scroll of enchant armor
  3 scrolls of enchant armor
  a scroll of enchant weapon
  2 scrolls of fire
  3 scrolls of food detection
  a blessed scroll of genocide
  2 scrolls of genocide
  a blessed scroll of gold detection
  4 scrolls of gold detection
  a scroll of punishment
  4 blessed scrolls of remove curse
  a scroll of stinking cloud
  3 potions of confusion
  a potion of acid
  2 potions of booze
  2 potions of gain ability
  a blessed potion of gain energy
  a blessed potion of gain level
  4 potions of gain level
  2 potions of healing
  6 potions of paralysis
  a potion of sickness
  4 potions of holy water
  a blessed ring of conflict
  a blessed +1 ring of increase damage
  a ring of invisibility
  a ring of levitation
  a ring of poison resistance
  a ring of poison resistance
  a ring of polymorph
  a ring of polymorph control
  a ring of searching
  a ring of sustain ability
  a blessed ring of teleport control
  a wand of polymorph (0:7)
  a wand of polymorph (0:6)
  a wand of polymorph (0:3)
  a wand of polymorph (0:7)
  a wand of polymorph (0:7)
  a wand of slow monster (0:6)
  a wand of slow monster (0:7)
  a wand of cold (0:0)
  a wand of cold (0:6)
  a wand of cold (0:6)
  a wand of cold (0:5)
  a wand of cold (0:3)
  a wand of create monster (0:12)
  a wand of create monster (0:7)
  a wand of create monster (0:12)
  a wand of create monster (0:0)
  a wand of death (0:3)
  a wand of digging (0:4)
  a wand of digging (0:6)
  a wand of digging (0:3)
  a wand of digging (0:6)
  a wand of digging (0:0)
  a cursed wand of digging (0:1)
  a wand of enlightenment (0:12)
  a wand of enlightenment (0:9)
  a wand of fire (0:7)
  a wand of fire (0:7)
  a wand of lightning (0:3)
  a wand of lightning (0:4)
  a wand of make invisible (0:6)
  a wand of make invisible (0:6)
  a wand of make invisible (0:6)
  a wand of make invisible (0:4)
  a wand of opening (0:2)
  a wand of probing (0:2)
  a wand of secret door detection (0:11)
  a wand of sleep (0:4)
  a wand of sleep (0:7)
  a cursed wand of speed monster (0:1)
  a wand of striking (0:4)
  a wand of striking (0:7)
  a wand of striking (0:0)
  a wand of teleportation (0:5)
  a wand of teleportation (0:5)
  a wand of teleportation (0:3)
  a wand of teleportation (0:4)
  a wand of undead turning (0:5)
  a wand of undead turning (0:6)
  a wand of wishing (1:1)
  8 wax candles
  a bell
  a leash
  2 emeralds
  a ruby

KnightLite the Priestess's attributes:

Background:
 You were a Lama, a level 24 elven Priestess.
 You were chaotic, on a mission for Anhur
 who was opposed by Ptah (lawful) and Thoth (neutral).
 You were right-handed.
 You were in Gehennom, on level 45.
 You entered the dungeon 43125 turns ago.
 It was nighttime.
 You had 40097626 experience points, 9902374 more were needed for level 25.

Basics:
 You had 0 out of 276 hit points.
 You had all 335 energy points (spell power).
 Your armor class was -43.
 Your wallet contained 16 zorkmids, and
 you had 11553 more stashed away in your pack.
 Autopickup was off.

Final Characteristics:
 Your strength was 25 (base:13, innate limit:18).
 Your dexterity was 18 (limit:18).
 Your constitution was 16 (limit:16).
 Your intelligence was 12 (base:8, limit:20).
 Your wisdom was 22 (base:18, innate limit:20).
 Your charisma was 13 (limit:18).

Final Status:
 You were flying.
 You were held by a kraken (northwest).
 You weren't hungry.
 You were unencumbered.
 You were wielding a broadsword.
 You had basic skill with broadsword.

Final Attributes:
 You were the Glory of Arioch.
 You were piously aligned.
 You were magic-protected.
 You were fire resistant.
 Your items were protected from fire.
 You were cold resistant.
 You were sleep resistant.
 You were disintegration resistant.
 You were shock resistant.
 Your items were protected from electric shocks.
 You were poison resistant.
 You were level-drain resistant.
 You saw invisible.
 You were telepathic.
 You were warned.
 You had infravision.
 You had a moderate defense bonus (+9).
 You were guarded.
 You were very fast.
 You had reflection.
 You had free action.
 You were extremely lucky.
 You had extra luck.
 Good luck did not time out for you.
 You are dead.

Miscellaneous:
 You encountered 2 bones levels.
 Total elapsed playing time was 15 hours, 1 minute and 58 seconds.

Major events:
 Turn
    1: KnightLite the chaotic elven Priestess entered the dungeon
  662: entered the Gnomish Mines
  739: attained the rank of Acolyte (level 3)
 2269: attained the rank of Adept (level 6)
 2562: reached Mine Town
 8387: entered Sokoban
 8773: completed 1st Sokoban level
 9021: completed 2nd Sokoban level
 9290: completed 3rd Sokoban level
 9849: completed 4th Sokoban level
10017: attained the rank of Priestess (level 10)
11495: was bestowed with Demonbane by Anhur
19869: performed her first genocide (class L)
19869: genocided class h
19870: genocided class R
19871: genocided class m
23010: killed Medusa
24296: entered Gehennom
24591: made her first wish - "2 blessed scrolls of charging", got "2 blessed scrolls labeled XIXAXA XOXAXA XUXAXA"
24592: wished for "blessed greased fireproof +2 cloak of magic resistance", got "a blessed greased tattered cape"
24691: wished for "blessed amulet of flying", got "a blessed spherical amulet"
26644: attained the rank of Curate (level 14)
26909: killed Croesus
32643: was bestowed with Frost Brand by Anhur
32964: entered Home 1, the Quest
33124: the Arch Priest has granted access to proceed deeper into the quest
33186: entered Home 2, the Quest
33579: entered Home 3, the Quest
34396: entered Home 4, the Quest
34628: attained the rank of Canoness (level 18)
34884: entered Home 5, the Quest
35237: entered Home 6, the Quest
35251: killed Nalzok
35251: found the Mitre of Holiness carried by a monster
35310: attained the rank of Lama (level 22)
35314: acquired the Bell of Opening
36346: was chosen to steal souls for the Glory of Anhur
36346: was bestowed with Stormbringer
39289: bribed Asmodeus with 316 zorkmids for safe passage
39339: killed Juiblex
40163: bribed Baalzebub with 68 zorkmids for safe passage
40464: found the Eye of the Aethiopica on the floor
40464: found Magicbane on the floor
40464: found Fire Brand on the floor
41041: killed Orcus
42345: destroyed Vlad the Impaler
42349: acquired the Candelabrum of Invocation
43125: drowned in a moat by a kraken

Spells:
 Name                 Level Category     Fail Retention
 detect monsters        1   divination    93%    (gone)
 create monster         2   clerical      93%    (gone)
 healing                1   healing       87%    (gone)
 confuse monster        1   enchantment   93%    (gone)
 detect unseen          3   divination    93%    (gone)
 light                  1   clerical      93%    (gone)
 drain life             2   attack        93%    (gone)
 detect food            2   divination    93%    (gone)
 cause fear             3   enchantment   93%    (gone)
 fireball               4   attack       100%    (gone)

Skills:
 Fighting Skills
   bare handed combat [Unskilled]
 Weapon Skills
   broadsword         [Basic]
   long sword         [Basic]
   club               [Unskilled]
   mace               [Expert]
   morning star       [Unskilled]
   flail              [Unskilled]
   hammer             [Unskilled]
   quarterstaff       [Unskilled]
   polearms           [Unskilled]
   spear              [Unskilled]
   trident            [Unskilled]
   lance              [Unskilled]
   bow                [Unskilled]
   sling              [Unskilled]
   crossbow           [Unskilled]
   dart               [Unskilled]
   shuriken           [Unskilled]
   boomerang          [Unskilled]
   unicorn horn       [Unskilled]
 Spellcasting Skills
   healing spells     [Basic]
   divination spells  [Unskilled]
   clerical spells    [Basic]

Voluntary challenges:
 Character rerolling was not enabled.
 You genocided 16 types of monsters.
 You never polymorphed an object.
 You used 3 wishes.
 You did not wish for any artifacts.
 You violated the special Sokoban rules once.
Achievements:
 You entered a shop.
 You entered the Gnomish Mines.
 You attained the rank of Acolyte.
 You attained the rank of Adept.
 You entered Minetown.
 You entered a temple.
 You entered Sokoban.
 You attained the rank of Priestess.
 You defeated Medusa.
 You entered Gehennom.
 You attained the rank of Curate.
 You attained the rank of Canoness.
 You attained the rank of Lama.
 You had the Bell of Opening.
 You had the Candelabrum of Invocation.

 The Dungeons of Doom: levels 1 to 29
    Level 1:
    Level 2:
       A general store.
       Stairs down to The Gnomish Mines.
    Level 3:
    Level 4:
       A general store, a sink.
    Level 5:
       A weapon shop, a fountain.
    Level 6:
       A general store, some fountains.
    Level 7:
       Many fountains.
    Level 8:
       Many fountains.
       Oracle of Delphi.
    Level 9:
       A fountain.
       Stairs up to Sokoban, level 8.
    Level 10:
       A fountain.
    Level 11:
       A fountain.
    Level 12:
       An altar to Anhur.
    Level 13:
       A sink.
    Level 14:
       An altar to Anhur.
       Portal to The Quest.
    Level 15:
       A temple and an altar.
       Portal to Fort Ludios.
    Level 16:
    Level 17:
       A primitive area.
    Level 18:
    Level 19:
       A grave.
    Level 20:
       A fountain.
    Level 21:
       A fountain.
    Level 22:
       A scroll shop.
    Level 23:
       A fountain, some graves.
    Level 24:
       A ring shop, some fountains, a grave.
    Level 25:
    Level 26:
       Some fountains, many trees.
    Level 27:
    Level 28:
    Level 29:
       A fountain.
       Connection to Gehennom.
 Gehennom: levels 30 to 49
    Level 30:
       A temple and an altar, many graves.
       Valley of the Dead.
    Level 31:
    Level 32:
    Level 33:
    Level 34:
    Level 35:
       A fountain.
    Level 36:
    Level 37:
    Level 38:
       Final resting place for
          ateneto2-Wiz-Hum-Fem-Neu, killed by a minotaur.
    Level 39:
    Level 40:
    Level 41:
    Level 42:
       Some shops, an altar, many graves.
       Stairs up to Vlad's Tower, level 41.
    Level 43:
    Level 44:
    Level 45: <- You were here.
       Final resting place for
          you, drowned in a moat by a kraken.
    Level 46:
    Level 47:
    Level 48:
    Level 49:
       Gateway to Moloch's Sanctum.
 The Gnomish Mines: levels 3 to 10
    Level 3:
    Level 4:
    Level 5:
    Level 6:
       Many shops, a temple and an altar to Anhur, many fountains.
    Level 7:
    Level 8:
       Final resting place for
          jvanheel-Rog-Hum-Mal-Cha, killed by a winter wolf cub.
    Level 9:
    Level 10:
       Some fountains.
 The Quest: levels 1 to 6
    Level 1:
       A temple and an altar, many trees.
       Completed quest for the Arch Priest.
    Level 2:
       Many graves.
    Level 3:
       A temple and an altar, many graves.
    Level 4:
       Many graves.
    Level 5:
       Many graves.
    Level 6:
 Sokoban: levels 8 up to 5
    Level 5:
       Solved.
    Level 6:
       Solved.
    Level 7:
       Solved.
    Level 8:
       Solved.
 Fort Ludios:
    Level 1:
       A throne.
 Vlad's Tower: levels 41 up to 39
    Level 39:
       A throne.
    Level 40:
    Level 41:


Vanquished creatures:
    Orcus
    Juiblex
 an erinys
    Vlad the Impaler
    Medusa
    Croesus
  3 krakens
  3 iron golems
  4 storm giants
  3 glass golems
  2 balrogs
    Nalzok
  4 purple worms
  a gray dragon
  8 red dragons
  a white dragon
  2 orange dragons
  3 black dragons
  a blue dragon
  a green dragon
  3 yellow dragons
 23 minotaurs
  a jabberwock
  5 baluchitheria
  2 stone golems
 an Olog-hai
  2 Nazgul
  2 pit fiends
  4 sandestins
  a hell hound
  4 titanotheres
  5 trappers
  a baby red dragon
  2 baby yellow dragons
  2 genetic engineers
 31 vampire leaders
  5 skeletons
 an aligned cleric
  4 captains
  6 shades
  a clay golem
  3 nurses
  5 ice devils
  5 nalfeshnees
  5 lurkers above
  2 Aleaxes
  3 ettins
  2 golden nagas
  3 black puddings
 40 vampires
  8 lieutenants
111 ghosts
  2 queen bees
  a winged gargoyle
  7 giant mimics
  5 long worms
  5 zruties
  2 fire giants
  2 ogre tyrants
  5 ice trolls
  8 rock trolls
  5 umber hulks
  4 flesh golems
 an elven monarch
  a doppelganger
  9 hezrous
  8 bone devils
  4 large mimics
  4 wumpuses
  2 fire vortices
  2 couatls
  7 stalkers
  4 air elementals
  2 fire elementals
  7 earth elementals
  2 water elementals
  3 hill giants
  2 giant mummies
  9 black nagas
 11 xorns
 34 giant zombies
  2 elf-nobles
 17 sergeants
  3 barbed devils
  3 vrocks
  2 salamanders
 14 wargs
  3 winter wolves
  2 hell hound pups
 12 small mimics
  3 glass piercers
  4 warhorses
  2 steam vortices
  7 xans
 10 ettin mummies
  3 ogre leaders
 12 quantum mechanics
 12 trolls
  2 wood golems
  3 mariliths
  3 sharks
  2 electric eels
 15 gelatinous cubes
  3 pyrolisks
  3 large dogs
  3 freezing spheres
  6 flaming spheres
  4 shocking spheres
  2 large cats
  9 tigers
  5 gargoyles
  a dwarf ruler
  6 tengu
  9 ochre jellies
 10 leocrottas
  3 energy vortices
  2 mountain centaurs
  3 stone giants
  3 elf mummies
 10 human mummies
  3 red nagas
  5 pythons
  7 pit vipers
  5 cobras
147 wraiths
  2 carnivorous apes
 47 ettin zombies
  2 leather golems
  a Grey-elf
120 soldiers
  3 watchmen
 11 amorous demons
  4 horned devils
  4 chameleons
  7 crocodiles
 16 giant beetles
  7 quivering blobs
 12 cockatrices
  8 wolves
  7 winter wolf cubs
  4 lynxes
  5 panthers
  8 gremlins
  2 spotted jellies
 19 leprechauns
  5 orc-captains
  3 iron piercers
  5 mumakil
 11 giant spiders
  4 scorpions
  8 horses
  3 ice vortices
  5 black lights
  6 vampire bats
  3 forest centaurs
  4 gnome rulers
  8 orc mummies
  5 dwarf mummies
  3 ogres
 10 brown puddings
 10 owlbears
  7 yetis
  a gold golem
  a werewolf
  a piranha
 17 giant eels
 21 lizards
  5 chickatrices
  2 dingoes
  3 dogs
  2 housecats
  2 jaguars
  5 blue jellies
  2 white unicorns
  3 gray unicorns
  8 dust vortices
  8 ravens
 11 plains centaurs
  5 gnome mummies
  6 snakes
  7 apes
171 human zombies
  a rope golem
  3 Woodland-elves
  6 soldier ants
  6 fire ants
  4 bugbears
  3 lemures
  3 quasits
  2 wood nymphs
  2 water nymphs
  3 mountain nymphs
 11 Mordor orcs
  7 Uruk-hai
  4 orc shamans
  4 rock piercers
  8 rock moles
  7 ponies
  7 fog clouds
 11 yellow lights
  a shrieker
 10 violet fungi
 22 gnome leaders
  8 gnomish wizards
  4 kobold mummies
  4 black naga hatchlings
  9 gray oozes
  5 barrow wights
 50 elf zombies
 49 ghouls
  2 straw golems
  3 paper golems
  4 jellyfish
 15 giant ants
  a little dog
  9 floating eyes
  6 kittens
 16 dwarves
  2 homunculi
  2 kobold leaders
  2 kobold shamans
 19 hill orcs
 23 rothes
  a rabid rat
  3 centipedes
  5 giant bats
  3 monkeys
 51 orc zombies
 50 dwarf zombies
  2 wererats
  3 werejackals
 10 iguanas
 29 killer bees
  6 acid blobs
 10 coyotes
  a gas spore
  6 hobbits
 13 manes
  6 large kobolds
 15 hobgoblins
  9 giant rats
 10 cave spiders
  3 brown molds
  6 yellow molds
  4 green molds
  3 red molds
 54 gnomes
  7 garter snakes
 48 gnome zombies
 13 geckos
  7 jackals
  a fox
  2 kobolds
  5 goblins
  4 sewer rats
 10 grid bugs
  4 bats
 14 lichens
 36 kobold zombies
  5 newts
2366 creatures vanquished.

Genocided or extinct species:
 arch-liches
 master liches
 demiliches
 master mind flayers
 disenchanters
 liches
 mind flayers
 giant mimics
 large mimics
 small mimics
 dwarf rulers
 wraiths (extinct)
 soldiers (extinct)
 rust monsters
 dwarf leaders
 human zombies (extinct)
 bugbears
 dwarves
 hobbits
16 species genocided.
3 species extinct.

Game over:
                       ----------
                      /          \
                     /    REST    \
                    /      IN      \
                   /     PEACE      \
                  /                  \
                  |    KnightLite    |
                  |     11569 Au     |
                  |   drowned in a   |
                  | moat by a kraken |
                  |                  |
                  |                  |
                  |       2026       |
                 *|     *  *  *      | *
        _________)/\\_//(\/(/\)/\//\/|_)_______

Goodbye KnightLite the Priestess...

You drowned in Gehennom on dungeon level 45 with 1101581 points,
and 11569 pieces of gold, after 43125 moves.
You were level 24 with a maximum of 276 hit points when you drowned.

